 Dungeon Sprint DCSS version 0.29.1-12-g30fa7ad0bf (webtiles) character file.

Game seed: 8154325543382912680

14358 Groucho the Geomancer (level 11, 0/55 HPs)
             Began as a Spriggan Earth Elementalist on Dec 30, 2022.
             Was the Champion of Vehumet.
             Slain by a spriggan defender
             ... wielding a +0 dagger
              (29 damage)
             ... in the Dungeon (Sprint III: "The Ten Rune Challenge").
             The game lasted 00:26:33 (9026 turns).

Groucho the Geomancer (Spriggan Earth Elementalist) Turns: 9026, Time: 00:26:34

Health: 0/55       AC:  2    Str:  5      XL:     11   Next: 87%
Magic:  23/29      EV: 27    Int: 19      God:    Vehumet [******]
Gold:   37         SH:  0    Dex: 18 (19) Spells: 19/36 levels left

rFire   . . .      SeeInvis +   a - +4 dagger (elec)
rCold   . . .      Faith    .   (no shield)
rNeg    . . .      Spirit   .   n - +0 robe
rPois   .          Reflect  .   (helmet restricted)
rElec   .          Harm     .   (no cloak)
rCorr   .          Rampage  .   (gloves unavailable)
Will    +....      Rage     3%  (boots unavailable)
Stlth   +++++..... NoTele   +   (no amulet)
HPRegen 0.18/turn               (no ring)
MPRegen 0.21/turn               (no ring)

@: very quick
A: very small, no large weapons, unfitting armour, see invisible, speed 3, beak,
horns 1, agile 1, berserk 1, passive freeze, sturdy frame 1
a: Renounce Religion


You were in the Dungeon.
You worshipped Vehumet.
Vehumet was exalted by your worship.
You visited 1 branch You collected 37 gold pieces.

Inventory:

Hand Weapons
 a - a +4 dagger of electrocution (weapon)
Armour
 n - a +0 robe (worn)
Scrolls
 h - a scroll of immolation
Potions
 b - a potion of magic
 e - a potion of haste
 l - 2 potions of mutation


   Skills:
 + Level 5.1 Fighting
 * Level 9.6 Short Blades
 + Level 13.7 Dodging
 + Level 11.7 Stealth
 + Level 13.0 Spellcasting
 * Level 11.2 Conjurations
 - Level 8.0 Hexes
 + Level 6.8 Transmutations
 - Level 5.0 Ice Magic
 * Level 14.6 Earth Magic


You had 19 spell levels left.
You knew the following spells:

 Your Spells              Type           Power      Damage    Failure   Level
a - Sandblast             Erth           100%       2d20      0%          1
b - Passwall              Tmut/Erth      43%        N/A       1%          2
c - Stone Arrow           Conj/Erth      100%       3d13      1%          3
d - Ensorcelled Hibernat  Hex/Ice        74%        N/A       1%          2
e - Lee's Rapid Deconstr  Erth           31%        3d17*     1%          5
f - Petrify               Tmut/Erth      52%        N/A       1%          4

Your spell library contained the following spells:

 Spells                   Type           Power      Damage    Failure   Level
 Spellforged Servitor     Conj/Summ      16%        N/A       71%         7
 Irradiate                Conj/Tmut      23%        3d19      1%          5
 Sublimation of Blood     Necr           12%        N/A       9%          2
 Swiftness                Air            12%        N/A       16%         3


Dungeon Overview and Level Annotations

Branches:
Dungeon (1/1)

Altars:
Cheibriados
Dithmenos
Elyvilon
Fedhas
Gozag
Hepliaklqana
Kikubaaqudgha
Makhleb
Nemelex Xobeh
Okawaru
Qazlal
Ru
Sif Muna
Trog
Uskayaw
Vehumet
Wu Jian
Xom
Yredelemnul
Zin
The Shining One
Jiyva
Lugonu


Innate Abilities, Weirdness & Mutations

You are very small and have problems with some larger weapons.
You are too small for most types of armour.
You have supernaturally acute eyesight. (SInv)
You cover ground extremely quickly. (Speed+++)
You have a beak for a mouth.
You have a pair of small horns on your head.
You are agile. (Dex +4, Str/Int -1)
You sometimes lose your temper in combat.
A frigid envelope surrounds you and freezes all who hurt you.
Your movements are slightly less encumbered by armour. (ER -2)


Message History

You start resting.
A spriggan defender comes into view. It is wielding a +0 dagger.
A spriggan defender is nearby!
A spriggan defender is nearby!
A spriggan defender is nearby!
A spriggan defender is nearby!
A spriggan defender is nearby!
Casting: Stone Arrow (safe; 1% risk of failure)
Confirm with . or Enter, or press ? or * to list all spells.
Aiming: Lee's Rapid Deconstruction (safe; 1% risk of failure)
Press: ? - help, Dir - move target, f - spriggan defender Fragment what (e.g. wall or brittle monster)?: a spriggan defender, wielding a +0 dagger and wearing a +0 robe (wandering, hasn't noticed you)
An open door.
Okay, then.
Casting: Lee's Rapid Deconstruction (safe; 1% risk of failure)
Confirm with . or Enter, or press ? or * to list all spells.
Aiming: Petrify (dangerous; 1% risk of failure)
Press: ? - help, Shift-Dir - straight line, f - spriggan defender
Aim: a spriggan defender, wielding a +0 dagger and wearing a +0 robe (wandering, hasn't noticed you, chance to affect: 0%)
Okay, then.
Casting: Petrify (dangerous; 1% risk of failure)
Confirm with . or Enter, or press ? or * to list all spells.
Aiming: Stone Arrow (safe; 1% risk of failure)
Press: ? - help, Shift-Dir - straight line, f - spriggan defender
Aim: a spriggan defender, wielding a +0 dagger and wearing a +0 robe (wandering, hasn't noticed you, 45% to hit)
The stone arrow hits the spriggan defender.
The spriggan defender is lightly wounded.
The spriggan defender shouts!
You hear an angry hiss.
A rime drake comes into view.
Unknown command.
Casting: Stone Arrow (safe; 1% risk of failure)
Confirm with . or Enter, or press ? or * to list all spells.
Aiming: Stone Arrow (safe; 1% risk of failure)
Press: ? - help, Shift-Dir - straight line, f/p - spriggan defender
Aim: a spriggan defender, wielding a +0 dagger and wearing a +0 robe (lightly wounded, 45% to hit)
The stone arrow misses the spriggan defender.
The spriggan defender completely misses you.
The spriggan defender hits you with a +0 dagger!!
Ouch! That really hurt!
You die...

~≈~~~.....#...#__#...#..~~~'.#.†.
~~~.......#'###__#...#.#~~†#.#)#.
..........#.[.#__#...'.#§§.#)#.#.
..........#___#__'...#.#§.§#.).#.
▓▓▓▓▓▓▓▓▓▓▓▓▓▓▓▓▓▓▓▓▓▓▓▓▓▓▓▓▓▓▓▓▓
♣.....♣ ♣♣~~~........~~~.
♣F≈≈≈≈k♣♣'♣≈≈≈≈≈≈≈≈≈≈≈≈♣♣
#i~♣♣♣♣♣♣♣♣♣♣♣♣♣♣♣♣ #.@♣♣ ♣
###+♣♣♣♣♣♣♣♣♣♣♣♣♣♣♣
♣♣♣♣.##..##~~~~~≈..#
♣...##.##.#~~~~≈...#
♣♣.##.##.##)~~~≈≈###
♣..#.##i..#~~..°○°☼
♣♣.##.##.)#≈.ii####
♣♣Y##.#####...#.i..
♣.....##......# ♣♣.


You could see a spriggan defender and a rime drake.

Vanquished Creatures
  Sigmund (D)
  A ghost moth (D)
  Josephine (D)
  A yaktaur captain (D)
  2 hydras (D)
  A centaur warrior (D)
  Urug (D)
  A death drake (D)
  A spriggan druid (D)
  A lindwurm (D)
  A deep elf pyromancer (D)
  2 cane toads (D)
  Edmund (D)
  An unseen horror (D)
  A yaktaur (D)
  A komodo dragon (D)
  A queen bee (D)
  3 wandering mushrooms (D)
  2 tyrant leeches (D)
  An orc high priest (D)
  A shadow (D)
  3 redbacks (D)
  A spatial vortex (D)
  2 centaurs (D)
  An earth elemental (D)
  A necrophage (D)
  A water elemental (D)
  32 killer bees (D)
  An electric eel (D)
  2 orc priests (D)
  A jelly (D)
  A wizard (D)
  Jessica (D)
  A necromancer (D)
  3 humans (D)
  A kobold demonologist (D)
  A wolf (D)
  An endoplasm (D)
  2 rats (D)
82 creatures vanquished.

Vanquished Creatures (others)
  A ball lightning (D)
  4 ballistomycete spores (D)
  27 plants (D)
32 creatures vanquished.

Grand Total: 114 creatures vanquished

Notes
Turn   | Place    | Note
-------+----------+-------------------------------------------
     0 | D        | Groucho the Spriggan Earth Elementalist began the quest for
                  | the Orb.
     0 | D        | Reached XP level 1. HP: 9/9 MP: 5/5
     6 | D        | Reached skill level 3 in Earth Magic
   167 | D        | Noticed Jessica
   172 | D        | Killed Jessica
   173 | D        | Reached skill level 5 in Earth Magic
   173 | D        | Reached XP level 2. HP: 13/13 MP: 2/7
   411 | D        | Reached XP level 3. HP: 16/16 MP: 7/9
   414 | D        | Learned a level 2 spell: Passwall
   418 | D        | Learned a level 3 spell: Stone Arrow
   451 | D        | Gained mutation: You are dopey. (Int -2) [potion of
                  | mutation]
   451 | D        | Gained mutation: You expend magic power (3 MP) to
                  | strengthen your wands. [potion of mutation]
   451 | D        | Gained mutation: You are agile. (Dex +4, Str/Int -1)
                  | [potion of mutation]
   451 | D        | Gained mutation: You have an increased reservoir of magic.
                  | (+10% MP) [potion of mutation]
   452 | D        | Lost mutation: You have an increased reservoir of magic.
                  | (+10% MP) [potion of mutation]
   452 | D        | Lost mutation: You are dopey. (Int -2) [potion of mutation]
   452 | D        | Lost mutation: You expend magic power (3 MP) to strengthen
                  | your wands. [potion of mutation]
   452 | D        | Gained mutation: You occasionally lose the ability to drink
                  | potions when taking damage. [potion of mutation]
   453 | D        | Lost mutation: You occasionally lose the ability to drink
                  | potions when taking damage. [potion of mutation]
   453 | D        | Lost mutation: You are agile. (Dex +4, Str/Int -1) [potion
                  | of mutation]
   453 | D        | Gained mutation: You have hidden genetic potential. [potion
                  | of mutation]
   453 | D        | Gained mutation: You have great hidden genetic potential.
                  | [potion of mutation]
   453 | D        | Gained mutation: You sometimes lose your temper in combat.
                  | [potion of mutation]
   453 | D        | Gained mutation: A frigid envelope surrounds you and
                  | freezes all who hurt you. [potion of mutation]
   725 | D        | Reached skill level 1 in Conjurations
   725 | D        | Reached skill level 6 in Earth Magic
   863 | D        | Noticed a water elemental
   889 | D        | Killed a water elemental
   890 | D        | Reached skill level 5 in Spellcasting
   890 | D        | Reached XP level 4. HP: 21/21 MP: 7/12
   910 | D        | Gained mutation: Your movements are slightly less
                  | encumbered by armour. (ER -2) [hidden potential]
  1071 | D        | Found a radiant altar of Vehumet.
  1072 | D        | Found a shimmering blue altar of Sif Muna.
  1072 | D        | Noticed a wizard
  1073 | D        | Killed a wizard
  1074 | D        | Reached skill level 5 in Dodging
  1074 | D        | Reached skill level 7 in Earth Magic
  1074 | D        | Reached XP level 5. HP: 24/24 MP: 10/14
  1275 | D        | Found an ancient bone altar of Kikubaaqudgha.
  1286 | D        | Learned a level 2 spell: Ensorcelled Hibernation
  1363 | D        | Became a worshipper of Vehumet
  1380 | D        | Found a shadowy altar of Dithmenos.
  1383 | D        | Reached skill level 8 in Earth Magic
  1383 | D        | Found a basalt altar of Yredelemnul.
  1383 | D        | Found a sacrificial altar of Ru.
  1392 | D        | Gained mutation: You have a beak for a mouth. [hidden
                  | potential]
  1392 | D        | Lost mutation: You have great hidden genetic potential.
                  | [hidden potential expressed]
  1435 | D        | Found a hide-covered altar of Uskayaw.
  1435 | D        | Found an iron altar of Okawaru.
  1436 | D        | Found a bloodstained altar of Trog.
  1437 | D        | Found an ornate altar of the Wu Jian Council.
  1437 | D        | Noticed a human
  1439 | D        | Noticed a human
  1445 | D        | Killed a human
  1445 | D        | Reached * piety under Vehumet
  1445 | D        | Offered knowledge of Freeze by Vehumet.
  1446 | D        | Reached skill level 5 in Conjurations
  1446 | D        | Reached XP level 6. HP: 28/28 MP: 3/17
  1455 | D        | Gained mutation: You are agile. (Dex +4, Str/Int -1)
                  | [hidden potential]
  1822 | D        | Killed a human
  1823 | D        | Reached skill level 9 in Earth Magic
  1823 | D        | Reached XP level 7. HP: 32/32 MP: 12/19
  1824 | D        | Found a glowing silver altar of Zin.
  1826 | D        | Found a glowing golden altar of the Shining One.
  1827 | D        | Found a white marble altar of Elyvilon.
  1827 | D        | Noticed a deep elf pyromancer
  1831 | D        | Killed a deep elf pyromancer
  1832 | D        | Reached skill level 10 in Earth Magic
  1835 | D        | Gained mutation: You have a pair of small horns on your
                  | head. [hidden potential]
  1835 | D        | Lost mutation: You have hidden genetic potential. [hidden
                  | potential expressed]
  1941 | D        | Noticed a shadow
  1948 | D        | Killed a shadow
  1948 | D        | Offered knowledge of Searing Ray by Vehumet.
  1948 | D        | Reached ** piety under Vehumet
  1949 | D        | Reached XP level 8. HP: 36/36 MP: 16/22
  2350 | D        | Found a blossoming altar of Fedhas.
  2350 | D        | Found a stormy altar of Qazlal.
  2351 | D        | Found a snail-covered altar of Cheibriados.
  2351 | D        | Found a burning altar of Makhleb.
  2351 | D        | Found a shimmering altar of Xom.
  2363 | D        | Reached skill level 1 in Hexes
  2483 | D        | Found a hazy altar of Hepliaklqana.
  2483 | D        | Found an opulent altar of Gozag.
  2483 | D        | Found a sparkling altar of Nemelex Xobeh.
  2483 | D        | Found a corrupted altar of Lugonu.
  2483 | D        | Found a viscous altar of Jiyva.
  2491 | D        | Noticed Josephine
  2499 | D        | Killed Josephine
  2499 | D        | Offered knowledge of Mephitic Cloud by Vehumet.
  2500 | D        | Reached skill level 10 in Dodging
  2500 | D        | Reached skill level 10 in Spellcasting
  2500 | D        | Reached skill level 11 in Earth Magic
  2784 | D        | Reached *** piety under Vehumet
  3005 | D        | Noticed a centaur warrior
  3014 | D        | HP: 1/36 [centaur warrior/arrow (20)]
  3016 | D        | Killed a centaur warrior
  3017 | D        | Reached skill level 5 in Stealth
  3017 | D        | Reached skill level 5 in Transmutations
  3017 | D        | Reached skill level 12 in Earth Magic
  3017 | D        | Reached XP level 9. HP: 26/39 MP: 16/24
  3022 | D        | Offered knowledge of Iskenderun's Mystic Blast by Vehumet.
  3023 | D        | Reached skill level 5 in Hexes
  3415 | D        | Noticed an unseen horror
  3420 | D        | Killed an unseen horror
  3445 | D        | Reached **** piety under Vehumet
  3578 | D        | Offered knowledge of Fireball by Vehumet.
  3593 | D        | Reached ***** piety under Vehumet
  3600 | D        | Reached skill level 1 in Short Blades
  3946 | D        | Offered knowledge of Flame Wave by Vehumet.
  3949 | D        | Reached skill level 1 in Ice Magic
  4021 | D        | Noticed a queen bee
  4024 | D        | Killed a queen bee
  4025 | D        | Reached skill level 1 in Fighting
  4071 | D        | Reached XP level 10. HP: 29/45 MP: 17/26
  4152 | D        | Offered knowledge of Airstrike by Vehumet.
  4491 | D        | Offered knowledge of Freezing Cloud by Vehumet.
  4954 | D        | Reached ****** piety under Vehumet
  5840 | D        | Offered knowledge of Eringya's Noxious Bog by Vehumet.
  5845 | D        | Reached skill level 13 in Earth Magic
  6078 | D        | Noticed a cane toad
  6078 | D        | Noticed a cane toad
  6097 | D        | Killed a cane toad
  6099 | D        | Killed a cane toad
  6100 | D        | Reached skill level 5 in Short Blades
  6306 | D        | Noticed Sigmund
  6306 | D        | Noticed Edmund
  6323 | D        | Killed Sigmund
  6324 | D        | Reached skill level 10 in Conjurations
  6324 | D        | Reached XP level 11. HP: 35/52 MP: 15/28
  6521 | D        | Killed Edmund
  6757 | D        | Offered knowledge of Lee's Rapid Deconstruction by Vehumet.
  7373 | D        | Noticed a yaktaur captain
  7376 | D        | Reached skill level 10 in Stealth
  7384 | D        | Killed a yaktaur captain
  7729 | D        | Learned a level 5 spell: Lee's Rapid Deconstruction
  7734 | D        | Learned a level 4 spell: Petrify
  7781 | D        | Offered knowledge of Spellforged Servitor by Vehumet.
  7782 | D        | Reached skill level 14 in Earth Magic
  7999 | D        | Noticed a lindwurm
  8002 | D        | Killed a lindwurm
  8010 | D        | Noticed Urug
  8012 | D        | Killed Urug
  8016 | D        | Noticed an eight-headed hydra
  8016 | D        | Noticed a four-headed hydra
  8034 | D        | Killed a four-headed hydra
  8057 | D        | Killed an eight-headed hydra
  8334 | D        | Noticed a death drake
  8344 | D        | Killed a death drake
  8805 | D        | Found a blossoming altar of Fedhas.
  8805 | D        | Noticed a spriggan druid
  8820 | D        | Noticed a death yak
  8824 | D        | Killed a spriggan druid
  8825 | D        | Reached skill level 5 in Ice Magic
  8837 | D        | Noticed a ghost moth
  8848 | D        | Killed a ghost moth
  8849 | D        | Reached skill level 5 in Fighting
  9026 | D        | Slain by a spriggan defender

Illustrated notes

Levels and vault maps discovered:
D:        dungeon_sprint_mu [sprint_mu_entry_forest, sprint_mu_temple_rooms,
          sprint_mu_d1_horrors, sprint_mu_d2_genie, sprint_mu_d3_branching,
          sprint_mu_orc_legion, sprint_mu_elf_gauntlet, sprint_mu_hive_nellie,
          sprint_mu_lair_fedhas, sprint_mu_vaults_butterflies,
          sprint_mu_slime_circle, sprint_mu_swamp_cave, sprint_mu_shoals_archi,
          sprint_mu_blade_basic, sprint_mu_crypt_chambers,
          sprint_mu_tomb_spiral, sprint_mu_vestibule_basic,
          sprint_mu_gehenna_hellfire, sprint_mu_dis_giant,
          sprint_mu_tartarus_statrot, sprint_mu_cocytus_islands, sprint_mu_zot1]

Skill      XL: |  1  2  3  4  5  6  7  8  9 10 11 |
---------------+----------------------------------+-----
Stealth        | 4 5 7 9 11 | 11.7
Earth Magic    | 5 6 7 8 9 10 12 13 14 | 14.6
Dodging        | 3 4 5 7 9 11 12 13 | 13.7
Spellcasting   | 3 5 7 9 10 11 12 13 | 13.0
Conjurations   | 2 3 5 7 8 9 10 11 | 11.2
Hexes          | 4 6 8 |  8.0
Transmutations | 5 6 |  6.8
Short Blades   | 2 6 9 |  9.6
Ice Magic      | 1 3 5 |  5.0
Fighting       | 1 3 5 |  5.1

Action                   |  1- 3 |  4- 6 |  7- 9 | 10-12 || total
-------------------------+-------+-------+-------+-------++-------
Melee: Dagger            |       |       |    14 |    19 ||    33
       Headbutt          |       |       |     4 |     2 ||     6
       Peck              |       |       |       |     4 ||     4
 Cast: Sandblast         |    20 |       |    19 |    26 ||    65
       Passwall          |     2 |     1 |       |     2 ||     5
       Stone Arrow       |       |    11 |    29 |    61 ||   101
       Ensorcelled Hiber |       |       |     5 |     9 ||    14
       Petrify           |       |       |       |    11 ||    11
       Lee's Rapid Decon |       |       |       |     8 ||     8
  Use: Potion            |     3 |       |     5 |     5 ||    13
       Scroll            |       |       |     1 |     3 ||     4
 Stab: Sleeping          |       |       |     4 |     9 ||    13
       Petrified         |       |       |       |     1 ||     1
Armor: Robe              |       |       |     3 |     2 ||     5
Dodge: Dodged            |     2 |       |    72 |    81 ||   155
